 Dungeon Crawl Stone Soup version 0.21.1-1-g345015fe64 (webtiles) character file.

113 Insidiator the Covered (level 4, -1/29 HPs)
             Began as a Gargoyle Fighter on June 26, 2018.
             Slain by Robin
             ... wielding a +5 mace of protection
              (4 damage)
             ... on level 2 of the Dungeon.
             The game lasted 00:21:57 (1578 turns).

Insidiator the Covered (Gargoyle Fighter)           Turns: 1578, Time: 00:21:57

Health: -1/29      AC: 10    Str: 21    XL:     4   Next: 96%
Magic:  4/4        EV:  7    Int:  8    God:
Gold:   76         SH:  9    Dex:  9    Spells: 3/3 levels left

rFire    . . .     SeeInvis .   a - +0 flail
rCold    . . .     Gourm    .   c - +0 shield
rNeg     + . .     Faith    .   b - +0 scale mail
rPois    ∞         Spirit   .   (no helmet)
rElec    +         Reflect  .   (no cloak)
rCorr    .         Harm     .   (no gloves)
MR       .....                  (no boots)
Stlth    ..........             (no amulet)
HPRegen  0.09/turn              (no ring)
MPRegen  0.09/turn              (no ring)

@: no status effects
A: negative energy resistance 1, electricity resistance, unbreathing,
petrification resistance, rot immunity, AC +3
a: no special abilities


You were on level 2 of the Dungeon.
You were not hungry.

You visited 1 branch of the dungeon, and saw 2 of its levels.

You collected 76 gold pieces.

Inventory:

Hand Weapons
 a - a +0 flail (weapon)
Armour
 b - a +0 scale mail (worn)
 c - a +0 shield (worn)
 h - a +0 plate armour
Scrolls
 e - 3 scrolls of identify {unknown}
 i - a scroll of teleportation {unknown}
 k - 4 scrolls of remove curse {unknown}
 l - a scroll of fear {unknown}
Potions
 d - 2 potions of might
 g - 2 potions of curing {unknown}
 j - a potion of heal wounds {unknown}
 m - a potion of lignification {unknown}
Comestibles
 f - 5 rations


   Skills:
 + Level 3.7 Fighting
 + Level 3.3 Maces & Flails
 + Level 3.9 Armour
 + Level 0.8 Dodging
 + Level 0.2 Stealth
 + Level 3.9 Shields


You had 3 spell levels left.
You didn't know any spells.

Dungeon Overview and Level Annotations

Branches:
Dungeon (2/15)

Altars:
Dithmenos
Makhleb

Annotations:
D:2 Robin


Innate Abilities, Weirdness & Mutations

You are resistant to torment.
Your stone body is resilient. (AC +3)
You are immune to poison.
You resist negative energy. (rN+)
You are resistant to electric shocks. (rElec)
You can survive without breathing.
You are immune to petrification.
You are immune to rotting.


Message History

Robin roars a battlecry!
The goblins go into a battle-frenzy!
You sock Robin!
Robin is heavily wounded.
The hobgoblin no longer looks unusually strong.
The goblin no longer looks unusually strong.
The goblin closely misses you.
Robin roars a battlecry!
The goblins go into a battle-frenzy!
You hit Robin but do no damage.
Robin is heavily wounded.
The goblin no longer looks unusually strong. x3
The goblin hits you but does no damage.
Robin hits you with a mace of protection!
* * * LOW HITPOINT WARNING * * *
You block the goblin's attack.
You barely miss Robin.
Robin is heavily wounded.
Robin hits you with a mace of protection.
You die...

# #..# #........... #
#..#########..#######
# #.......####gg# #
#..#........gg# #
#..#.##.#####g#
###....##.# #g##
(..<.####.# #gg#
###..####.# ##g#
...>......# #@#
###.####### #g# # #.#
#.# # #.# ######.# #
#.# #......# # #.#
#.###### ###$# #.#
..#.# #.# ..# #.#


You could see Robin, 2 hobgoblins and 7 goblins.

Vanquished Creatures
  A scorpion (D:2)
  Jessica (D:2)
  2 oozes (D:2)
  A worm (D:2)
  A dart slug (D:1)
  A giant cockroach (D:2)
  A hobgoblin (D:2)
  3 jackals (D:2)
  3 kobolds
  4 bats
  4 frilled lizards
  5 goblins
  2 rats (D:1)
29 creatures vanquished.

Notes
Turn   | Place    | Note
-------+----------+-------------------------------------------
     0 | D:1      | Insidiator the Gargoyle Fighter began the quest for the Orb.
     0 | D:1      | Reached XP level 1. HP: 14/14 MP: 1/1
   122 | D:1      | Reached XP level 2. HP: 4/19 MP: 2/2
   836 | D:2      | Reached XP level 3. HP: 16/23 MP: 3/3
   958 | D:2      | Noticed a scorpion
   978 | D:2      | Killed a scorpion
   978 | D:2      | Reached XP level 4. HP: 12/29 MP: 4/4
  1262 | D:2      | Noticed Jessica
  1269 | D:2      | Killed Jessica
  1315 | D:2      | Found a burning altar of Makhleb.
  1315 | D:2      | Found a shadowy altar of Dithmenos.
  1562 | D:2      | Noticed Robin
  1578 | D:2      | Slain by Robin

Skill      XL: |  1  2  3 |
---------------+----------+-----
Maces & Flails | 3 |  3.3
Fighting       | |  3.7
Armour         | |  3.9
Dodging        | |  0.8
Stealth        | |  0.2
Shields        | |  3.9

Action                   |  1- 3 |  4- 6 || total
-------------------------+-------+-------++-------
Melee: Flail             |    90 |    29 ||   119
  Eat: Chunk             |       |     2 ||     2
Armor: Scale mail        |    46 |    11 ||    57
       Plate armour      |    13 |       ||    13
Dodge: Dodged            |    28 |     9 ||    37
Block: Shield            |    58 |    13 ||    71
